[Event "II Duchamp Open 2018-U2200"]
[Site "Rio de Janeiro"]
[Date "2018.11.20"]
[Round "5"]
[White "Morais, Wagner Soares De"]
[Black "Sampaio, Andre Luiz"]
[Result "0-1"]
[ECO "E80"]
[WhiteElo "1826"]
[BlackElo "1700"]
[Annotator "NA RC"]
[PlyCount "115"]
[EventDate "2018.11.14"]
[EventType "swiss"]
[EventCountry "BRA"]
[SourceTitle "playchess.com"]
[Source "ChessBase"]
[SourceQuality "1"]
[TimeControl "5400+30"]

1. e4 d6 2. d4 Nf6 3. f3 g6 4. c4 Bg7 {[%emt 0:00:32] LiveBook: 838 Games} 5. Nc3 c6 6. Be3 Na6 7. Qd2 O-O 8. Bd3 {[%emt 0:06:02] E81: King's Indian: Sämisch: 6th move deviations (including 6 Be3 c6)} e5 9. d5 Nd7 (9... Nh5 10. Nge2 f5 11. exf5 gxf5 12. O-O Bd7 13. dxc6 bxc6 14. Rad1 Be6 15. Bc2 Bxc4 16. Qxd6 Qxd6 17. Rxd6 {½-½ (24) Balogh,T (2334)-Gazik,I (2299) Slovakia 2016}) 10. g4 $146 ({Predecessor:} 10. dxc6 bxc6 11. Rd1 f5 12. Bg5 Bf6 13. Nh3 f4 14. Bxf6 Rxf6 15. Nf2 Nf8 16. a3 Nc5 {1-0 (25) Orozco Santos,F-Ramirez Florez,E Caldas 2011}) 10... Nb4 11. Bb1 cxd5 12. cxd5 Nc5 13. Nge2 f5 14. gxf5 gxf5 15. h4 f4 (15... Nba6 $14) 16. Bf2 (16. Bxc5 $16 dxc5 17. a3) 16... Bd7 17. Nc1 Rc8 18. a3 $1 Nba6 19. Bc2 b5 20. N1a2 Qc7 21. b4 Na4 22. Bxa4 bxa4 23. O-O-O (23. Rb1 $11 {keeps the balance.}) 23... Qc4 24. Qb2 ({White should play} 24. Kb1) 24... Rc7 25. Kb1 Qb3 26. Rc1 Rfc8 27. Rc2 $11 Bb5 (27... Nb8 $15) 28. Rd1 $2 {[%emt 0:01:40] [#]} (28. Nc1 $1 $11 Bd3 29. Nxb3 axb3 {[%mdl 64] Pin} 30. Be1 (30. Qxb3 $2 Rxc3 31. Qxc3 Rxc3 $19 {[%mdl 64] Pin}) 30... bxc2+ 31. Kc1) 28... Bd7 $2 (28... Rxc3 $1 $19 29. Nxc3 {[#]} Rxc3 $1 {[%mdl 576] Remove Defender} 30. Rxc3 Qxd1+ 31. Ka2 Bd3 32. Bxa7 Qxf3) 29. Be1 Qc4 ({Better is} 29... Rc4 $15) 30. Nc1 $11 Qf1 31. Rf2 $1 Qc4 32. Qa2 Kf7 33. Qxc4 Rxc4 34. N1a2 Bf6 35. Rh2 Rg8 36. Bf2 Rc7 37. Rc1 Rgc8 38. Ne2 Bb5 (38... Rxc1+ $17 39. Naxc1 Nc7) 39. Rxc7+ Rxc7 40. Nac3 Bd3+ 41. Kb2 Nb8 42. Nc1 Bf1 43. Nxa4 Nd7 44. Nc3 Bd8 45. Nb3 Rb7 {[%emt 0:01:42] [#]} 46. Kc2 $1 Nf6 47. Nd2 Ba6 48. Kb3 Bd3 49. Nc4 Ke7 50. Rg2 Bxc4+ 51. Kxc4 Rc7+ 52. Kb3 Kf7 (52... a6 $142 53. Rg7+ Ke8 54. Rxc7 Bxc7) 53. Nb5 Rd7 54. Nxa7 Nh5 55. Nc6 Bf6 56. a4 Ng3 $18 57. Bxg3 fxg3 58. Rxg3 0-1